 Dungeon Crawl Stone Soup version 0.30.2 (webtiles) character file.

Game seed: 14960532034144025737

573091 porpoise the Markshuman (level 27, -4/188 (201) HPs)
             Began as a Human Hunter on Mar 14, 2024.
             Was the Champion of Hepliaklqana.
             Slain by a shadow dragon (13 damage)
             ... on level 3 of the Realm of Zot on Mar 17, 2024.
             The game lasted 05:29:50 (76355 turns).

porpoise the Markshuman (Human Hunter)             Turns: 76355, Time: 05:29:51

HP:   -4/188 (201)  AC: 37    Str: 17    XL:     27
MP:   25/33         EV: 24    Int: 20    God:    Hepliaklqana [******]
Gold: 2942          SH:  0    Dex: 25    Spells: 30/40 levels left

rFire   + . .        b - +6 arbalest "Damnation" {damnation}
rCold   . . .        (shield currently unavailable)
rNeg    . . .        t - +7 swamp dragon scales
rPois   +            M - +2 helmet
rElec   +            v - +2 cloak
rCorr   .            n - +2 pair of gloves
SInv    .            u - +2 pair of boots of Dithmenos's Esteem {Will+}
Will    ++++.        L - amulet of regeneration
Stlth   +++++        c - ring of Wopt {rF+ Will+ Str+4 Slay+5}
HPRegen 1.31/turn    I - ring of Insomnia {Drain AC+4 Int+8 Slay+3 Stlth+}
MPRegen 0.23/turn

%: no passive effects
@: about to teleport, studying 2 skills, drained
A: reduced essence, camouflage 1, passive freeze, electricity resistance, weak 1
}: 3/15 runes: decaying, serpentine, slimy
a: Renounce Religion, Recall Ancestor, Ancestor Identity, Transference, Idealise


You were on level 3 of the Realm of Zot.
You worshipped Hepliaklqana.
Hepliaklqana was exalted by your worship.
You visited 12 branches of the dungeon, and saw 53 of its levels.
You also visited: Ossuary, Bailey and Ice Cave.

You collected 7749 gold pieces.
You spent 4807 gold pieces at shops.

Inventory:

Hand Weapons
 a - a +9 longbow of freezing
 b - the +6 arbalest "Damnation" (weapon) {damnation}
   (You found it on level 5 of the Pits of Slime)
 w - a +3 demon blade of flaming
Missiles
 H - 5 silver javelins
Armour
 e - quicksilver dragon scales
 n - a +2 pair of gloves (worn)
 t - +7 swamp dragon scales (worn)
 u - the +2 pair of boots of Dithmenos's Esteem (worn) {Will+}
   (You acquired it on level 2 of the Dungeon)

   Will:      It increases your willpower.
 v - a +2 cloak (worn)
 M - a +2 helmet (worn)
Jewellery
 c - the ring of Wopt (left hand) {rF+ Will+ Str+4 Slay+5}
   (You found it in an ice cave)

   [ring of protection from fire]

   Str:       It affects your strength (+4).
   Slay:      It affects your accuracy & damage with ranged weapons and melee
   (+5).
   rF:        It protects you from fire.
   Will:      It increases your willpower.
 d - the ring "Kuuro" {rF+ rC+ rN+ Int+2}
   (You bought it in a shop on level 2 of the Orcish Mines)

   [ring of protection from fire]

   Int:       It affects your intelligence (+2).
   rF:        It protects you from fire.
   rC:        It protects you from cold.
   rN:        It protects you from negative energy.
 f - a ring of see invisible
 I - the ring of Insomnia (right hand) {Drain AC+4 Int+8 Slay+3 Stlth+}
   (You found it in an ice cave)

   [ring of protection]

   AC:        It affects your AC (+4).
   Int:       It affects your intelligence (+8).
   Slay:      It affects your accuracy & damage with ranged weapons and melee
   (+3).
   Drain:     It drains your maximum health when unequipped.
   Stlth:     It makes you more stealthy.
 L - an amulet of regeneration (around neck)
Wands
 h - a wand of polymorph (21)
 A - a wand of acid (33)
 B - a wand of digging (34)
 N - a wand of paralysis (75)
 Q - a wand of roots (65)
 T - a wand of mindburst (55)
 V - a wand of flame (125)
Scrolls
 l - 4 scrolls of vulnerability
 o - 5 scrolls of fear
 q - 11 scrolls of poison
 y - 12 scrolls of teleportation
 E - 15 scrolls of fog
 G - 6 scrolls of magic mapping
 J - 2 scrolls of butterflies
 P - 13 scrolls of blinking
 R - 3 scrolls of silence
 X - 8 scrolls of noise
Potions
 g - 9 potions of flight
 i - 5 potions of might
 j - 3 potions of cancellation
 k - 29 potions of curing
 m - 9 potions of brilliance
 p - 5 potions of resistance
 r - 9 potions of berserk rage
 s - 3 potions of mutation
 x - 12 potions of lignification
 z - 6 potions of attraction
 C - 7 potions of heal wounds
 D - 8 potions of magic
 F - 6 potions of invisibility
 K - 12 potions of haste
 U - 6 potions of ambrosia
Miscellaneous
 Z - a lightning rod (4/4)


   Skills:
 + Level 19.9 Fighting
 - Level 14.0 Long Blades
 - Level 20.0 Ranged Weapons
 - Level 16.0 Armour
 - Level 16.0 Dodging
 - Level 7.0 Stealth
 - Level 16.0 Shields
 - Level 7.0 Spellcasting
 - Level 7.0 Hexes
 - Level 7.0 Translocations
 - Level 9.0 Transmutations
 - Level 9.0 Fire Magic
 - Level 12.0 Poison Magic
 - Level 14.0 Invocations
 - Level 12.0 Evocations


You had 30 spell levels left.
You knew the following spells:

 Your Spells              Type           Power      Damage    Failure   Level
a - Portal Projectile     Hex/Tloc       70%        N/A       2%          3
i - Ignite Poison         Fire/Tmut/Pois 47%        N/A       1%          3
o - Olgreb's Toxic Radia  Pois           53%        N/A       1%          4

Your spell library contained the following spells:

 Spells                   Type           Power      Damage    Failure   Level
 Apportation              Tloc           70%        N/A       1%          1
 Beastly Appendage        Tmut           86%        N/A       1%          1
 Slow                     Hex            100%       N/A       1%          1
 Blink                    Tloc           70%        N/A       1%          2
 Poisonous Vapours        Pois/Air       62%        N/A       1%          2
 Wereblood                Tmut           43%        N/A       1%          2
 Inner Flame              Hex/Fire       39%        N/A       1%          3
 Spider Form              Tmut/Pois      49%        N/A       1%          3
 Volatile Blastmotes      Fire/Tloc      78%        2d16      1%          3
 Confusing Touch          Hex            35%        N/A       2%          3
 Gell's Gravitas          Tloc           35%        N/A       2%          3
 Teleport Other           Tloc           35%        N/A       2%          3
 Tukima's Dance           Hex            35%        N/A       2%          3
 Alistair's Intoxication  Tmut/Pois      32%        N/A       4%          5
 Mephitic Cloud           Conj/Pois/Air  23%        N/A       8%          3
 Cause Fear               Hex            17%        N/A       8%          4
 Manifold Assault         Tloc           35%        N/A       8%          4
 Passage of Golubria      Tloc           35%        N/A       8%          4
 Dazzling Flash           Conj/Hex       42%        N/A       10%         3
 Summon Guardian Golem    Hex/Summ       21%        N/A       10%         3
 Vhi's Electric Charge    Tloc/Air       42%        N/A       10%         3
 Blade Hands              Tmut           21%        N/A       10%         5
 Freeze                   Ice            28%        1d5       14%         1
 Magic Dart               Conj           28%        1d4       14%         1
 Necrotise                Necr           28%        1d5       14%         1
 Summon Small Mammal      Summ           28%        N/A       14%         1
 Yara's Violent Unravell  Hex/Tmut       19%        3d9       14%         5
 Searing Ray              Conj           14%        2d5       21%         2
 Static Discharge         Conj/Air       14%        2-3/arc   21%         2
 Sublimation of Blood     Necr           7%         N/A       21%         2
 Flame Wave               Conj/Fire      25%        2d8       22%         4
 Petrify                  Tmut/Erth      25%        N/A       22%         4
 Sticky Flame             Conj/Fire      25%        2d5       22%         4
 Eringya's Noxious Bog    Tmut/Pois      24%        N/A       28%         6
 Anguish                  Hex/Necr       10%        N/A       32%         4
 Fulminant Prism          Conj/Hex       10%        3d9       32%         4
 Iskenderun's Mystic Bla  Conj/Tloc      21%        2d6       32%         4
 Leda's Liquefaction      Hex/Erth       10%        N/A       32%         4
 Call Canine Familiar     Summ           7%         N/A       38%         3
 Ozocubu's Armour         Ice            7%         N/A       38%         3
 Vampiric Draining        Necr           7%         2d6       38%         3
 Fireball                 Conj/Fire      12%        3d7       52%         5
 Metabolic Englaciation   Hex/Ice        10%        N/A       65%         5
 Silence                  Hex/Air        10%        N/A       65%         5
 Dispersal                Tloc           17%        N/A       75%         6
 Airstrike                Air            3%         2d(1-17)  80%         4
 Animate Dead             Necr           7%         N/A       80%         4
 Summon Lightning Spire   Summ/Air       7%         N/A       80%         4
 Plasma Beam              Fire/Air       12%        2x1d26    97%         6
 Starburst                Conj/Fire      12%        6d5       97%         6
 Statue Form              Tmut/Erth      16%        N/A       97%         6
 Agony                    Necr           7%         N/A       98%         5
 Arcjolt                  Conj/Air       3%         1d13      98%         5
 Borgnjor's Vile Clutch   Necr/Erth      3%         N/A       98%         5
 Freezing Cloud           Conj/Ice/Air   3%         6-21      98%         5
 Iskenderun's Battlesphe  Conj           7%         2d6       98%         5
 Lee's Rapid Deconstruct  Erth           3%         3d5*      98%         5
 Enfeeble                 Hex            17%        N/A       100%        7
 Malign Gateway           Summ/Tloc      10%        N/A       100%        7
 Monstrous Menagerie      Summ           3%         N/A       100%        7
 Ozocubu's Refrigeration  Ice            3%         4d8       100%        7
 Spellforged Servitor     Conj/Summ      3%         N/A       100%        7
 Storm Form               Tmut/Air       12%        N/A       100%        7
 Discord                  Hex            17%        N/A       100%        8
 Ignition                 Fire           21%        3d8       100%        8
 Infestation              Necr           3%         N/A       100%        8
 Lehudib's Crystal Spear  Conj/Erth      3%         10d3      100%        8
 Summon Horrible Things   Summ           3%         N/A       100%        8


Dungeon Overview and Level Annotations

Branches:
Dungeon (15/15)            Temple (1/1) D:5            Lair (5/5) D:8
  Swamp (4/4) Lair:2        Snake (4/4) Lair:3        Slime (5/5) Lair:4
    Orc (2/2) D:11            Elf (3/3) Orc:2        Vaults (4/5) D:13
  Crypt (3/3) Vaults:3       Tomb (0/3) Crypt:3      Depths (4/4) D:15
    Zot (3/5) Depths:4    Ossuary (visited)          Bailey (visited)
  IceCv (visited)

Altars:
Ashenzari
Cheibriados
Dithmenos
Elyvilon
Fedhas
Gozag
Hepliaklqana
Kikubaaqudgha
Makhleb
Nemelex Xobeh
Okawaru
Qazlal
Ru
Sif Muna
Trog
Uskayaw
Vehumet
Wu Jian
Xom
Yredelemnul
Zin
The Shining One
Jiyva

Shops:
D:3 [   D:4 !   D:6 *   D:8 *   D:9 *   Orc:2 ([=[   Elf:1 :(:[   Elf:2 (
Snake:1 ::=   Snake:3 !(   Vaults:4 =   Depths:1 [(==!   Depths:4 ?

Portals:
Hell: Depths:1 Depths:2 Depths:3 Depths:4
Abyss: Depths:3 Depths:4
Pandemonium: Depths:2
Ziggurat: Depths:2
Trove: Vaults:4 (give +4 storm dragon scales)

Annotations:
Slime:5 1 exclusion
Depths:2 3 runed translucent doors, Plog's ghost, adept DgCj
Depths:4 2 transporters, Vacerub's ghost, adept TrMo
Zot:1 3 runed translucent doors, Ziques's ghost, legendary FoFi


Innate Abilities, Weirdness & Mutations

Your life essence is reduced to manifest your ancestor. (-10% HP)
Your skin changes colour to match your surroundings (Stealth+).
A frigid envelope surrounds you and freezes all who hurt you.
You are resistant to electric shocks. (rElec)
You are weak. (Str -2)


Message History

You are no longer teleporting projectiles to their destination.
The electric golem blinks!
The yellow draconian closely misses you.
The shadow dragon barely misses you. The shadow dragon claws you.
* * * LOW HITPOINT WARNING * * *
The shadow dragon resists.
The shadow dragon is very cold.
The shadow dragon is moderately wounded.
The shadow dragon claws you.
* * * LOW HITPOINT WARNING * * *
The shadow dragon resists.
The shadow dragon is very cold.
The shadow dragon is moderately wounded.
The deathcap misses you.
The storm dragon rages.
The yellow draconian hits you but does no damage.
The deathcap misses you.
The shadow dragon bites you but does no damage.
The shadow dragon resists.
The shadow dragon is very cold.
The shadow dragon is moderately wounded.
The shadow dragon claws you but does no damage.
The shadow dragon resists.
The shadow dragon is very cold.
The shadow dragon is moderately wounded.
The shadow dragon closely misses you.
Blink to where?
Press: ? - help, Dir - move target, p - shadow dragon
As you read the scroll of blinking, it crumbles to dust.
You see here a quicksilver dragon corpse.
You hear a roar!
You feel yourself speed up.
You hear a roar!
The shadow dragon closely misses you. The shadow dragon misses you.
The shadow dragon claws you but does no damage.
The shadow dragon completely resists.
The shadow dragon attacks as you move away!
The shadow dragon bites you!
* * * LOW HITPOINT WARNING * * *
The shadow dragon resists.
The shadow dragon is very cold.
The shadow dragon is moderately wounded.
The shadow dragon closely misses you. x2
The shadow dragon bites you!
You die...

##...###................###...#..
#.....#............|.....###.....
...#.....##############...###...#
..###...## ##...###... .###.....#
##...###.. ###)..#.## ###########
##...###. ##...####
##.........####.....### #...##
##.#########..##..#...## ...##
##.##.DD@...###.#####...# ..##
#.##†#######..##.## ##..# ..#
##.#.## .. ###.##.## #... ..#
#.##.# '## ##.##.# #... ..#
#.#.## .... ##.#.# #..# ..#
#.#f#..f..9.# #.#.# #..# ..#
#.#.#dy.>...# #.#.###..# ..#
#X#§'DD>.f..+ #.#..##..# ..#
#.#f#qq!>...# #.#..##..#


You could see 2 shadow dragons.

Vanquished Creatures
  the Royal Jelly (Slime:5)
  An ancient lich (Depths:3)
  An orb of fire (Depths:4)
  A juggernaut (Depths:3)
  A Killer Klown (Zot:3)
  the Lernaean hydra (Swamp:4)
  A curse toe (Zot:1)
  Nikola (Vaults:1)
  5 golden dragons
  The ghost of Caebbisch the Sorcerer, a veteran DsCj of Vehumet (Crypt:1)
  A bone dragon (Crypt:3)
  Rupert (Orc:2)
  3 liches
  9 tentacled monstrosities
  4 quicksilver dragons
  3 death cobs
  2 deep elf master archers (Elf:3)
  11 acid blobs
  3 sphinxes
  3 deep elf blademasters
  Frances (Swamp:2)
  5 ancient champions
  2 thorn hunters (Swamp:4)
  Kirke (Snake:1)
  4 tengu reavers
  Roxanne (Snake:1)
  7 shadow dragons
  2 revenants (Crypt:3)
  5 storm dragons
  6 frost giants
  5 deep elf sorcerers
  5 nagarajas (Snake:4)
  8 azure jellies
  2 fire giants
  14 rockslimes
  6 vault wardens
  Aizul (Snake:1)
  A curse skull (Crypt:1)
  3 draconian knights
  4 deep elf elementalists
  A ghost moth (Zot:3)
  4 draconian shifters
  A juggernaut zombie (Depths:3)
  A draconian stormcaller (Depths:4)
  2 orc warlords (Orc:2)
  12 ironbound preservers
  4 ghouls
  9 quicksilver oozes (Slime:5)
  2 reapers (Crypt:2)
  2 war gargoyles
  25 very ugly things
  5 ironbound thunderhulks
  2 deep elf demonologists (Elf:3)
  6 stone giants
  2 grey draconians (Depths:4)
  A black draconian (Zot:1)
  3 vampire knights
  2 green draconians
  4 white draconians
  2 red draconians
  6 yellow draconians
  8 eleionomae
  3 purple draconians
  7 deep elf death magi
  7 dire elephants
  3 spark wasps (Depths:3)
  11 deep elf annihilators
  3 bunyips
  A blizzard demon (Depths:2)
  16 jiangshi
  5 eidola
  A mummy priest (Crypt:3)
  2 ettins
  3 deep elf high priests (Elf:3)
  5 fire dragons
  A merfolk impaler (Depths:2)
  8 great orbs of eyes
  6 yaktaur captains
  2 quicksilver dragon skeletons
  A rakshasa (Depths:3)
  A peacekeeper (Vaults:4)
  4 ice dragons
  An entropy weaver (Vaults:4)
  Erolcha (D:11)
  2 vault guards
  A spriggan skeleton (Crypt:3)
  6 ironbound frosthearts
  A spriggan air mage (Depths:1)
  A catoblepas (Lair:5)
  15 hydras
  A fenstrider witch skeleton (Crypt:2)
  4 centaur warriors
  4 anacondas
  7 two-headed ogres
  4 boulder beetles
  11 alligators
  18 dancing weapons
  10 naga warriors
  6 deep troll earth magi
  12 death yaks
  A spriggan berserker (Depths:1)
  3 death knights
  10 deep troll shamans
  7 tengu warriors
  7 vampire magi
  12 deep elf knights
  7 hell knights
  A titan skeleton (Depths:1)
  A titan zombie (Crypt:3)
  12 naga sharpshooters
  5 shock serpents
  The ghost of monsoonserge the Slicer, a novice TeRe of Ru (D:12)
  2 soul eaters
  A shadow wraith (Vaults:3)
  The ghost of angrytalen3 the Cleaver, a novice MiGl of Hepliaklqana (D:8)
  17 skeletal warriors
  A fire crab (shapeshifter) (D:13)
  7 iron trolls
  6 goliath frogs
  8 salamander mystics
  4 glowing orange brains
  2 spriggan druids
  An anaconda zombie (Crypt:2)
  A death drake (Swamp:1)
  64 deep trolls
  A ghost moth zombie (Crypt:1)
  9 swamp dragons
  Pikel (D:8)
  4 flayed ghosts
  4 wizards
  16 bog bodies
  9 deep elf archers
  8 lindwurms
  An iron giant skeleton (Crypt:2)
  A shadow dragon zombie (Crypt:3)
  A spriggan simulacrum (Crypt:3)
  4 naga ritualists
  6 necromancers
  4 orc knights
  An orange crystal statue (IceCv)
  A golden dragon skeleton (Crypt:2)
  6 phantasmal warriors
  24 deep elf pyromancers
  29 deep elf zephyrmancers
  14 mana vipers
  4 ironbound convokers
  A shadow dragon skeleton (Crypt:1)
  3 shining eyes
  The ghost of bronco the Thaumaturge, a novice MeEE (D:7)
  3 will-o-the-wisps
  3 orc sorcerers (Orc:2)
  6 cyclopes
  6 manticores
  A sphinx skeleton (Crypt:3)
  An iron dragon skeleton (Depths:3)
  Maurice (D:11)
  An eye of devastation (Slime:4)
  16 ugly things
  22 salamanders
  A shock serpent zombie (Crypt:2)
  A stone giant skeleton (Crypt:3)
  13 elephants
  11 vault sentinels
  A rust devil (Depths:2)
  8 moths of wrath
  30 black mambas
  A moth of wrath (shapeshifter) (Vaults:3)
  Joseph (D:7)
  A torpor snail (Lair:4)
  5 guardian serpents
  15 naga magi
  A yellow draconian zombie (Crypt:1)
  5 storm dragon simulacra (IceCv)
  A yaktaur zombie (Vaults:4)
  An orange demon (Depths:2)
  9 cane toads
  2 centaur skeletons (D:10)
  4 unseen horrors (Depths:4)
  2 freezing wraiths (Crypt:1)
  A komodo dragon (shapeshifter) (Depths:3)
  Psyche (D:12)
  4 rime drakes (Lair:5)
  A kobold demonologist (D:9)
  3 golden dragon simulacra (IceCv)
  5 komodo dragons
  6 tengu conjurers
  A purple draconian skeleton (Crypt:1)
  A white draconian skeleton (Crypt:2)
  2 anaconda simulacra
  23 yaktaurs
  A harpy zombie (Crypt:2)
  2 guardian mummies (Crypt:3)
  A wind drake (shapeshifter) (Elf:3)
  9 hornets
  8 trolls
  7 tyrant leeches
  10 blink frogs
  A spriggan zombie (Depths:1)
  A dream sheep (shapeshifter) (Depths:2)
  4 flying skulls (Crypt:1)
  4 shadows
  15 spriggans
  A vampire (D:11)
  An air elemental (Elf:1)
  An elf zombie (Vaults:4)
  51 slime creatures
  7 wyverns
  Eustachio (D:4)
  An ushabti (Crypt:3)
  3 basilisks
  4 hogs (Snake:1)
  A fire dragon skeleton (Crypt:2)
  5 wraiths
  3 water elementals
  2 fire elementals (Elf:3)
  A golden eye (Slime:2)
  27 yaks
  7 vampire mosquitoes
  A steam dragon (Lair:5)
  3 chaos spawn (Depths:4)
  9 wargs
  A redback (Vaults:4)
  2 large abominations (Depths:4)
  A glowing shapeshifter zombie (Vaults:4)
  7 swamp worms
  A fire bat zombie (Crypt:1)
  Menkaure (D:6)
  8 acid dragons
  30 nagas
  A faun zombie (Crypt:2)
  2 floating eyes
  A floating eye (shapeshifter) (Depths:2)
  A two-headed ogre skeleton (Crypt:2)
  2 hell hounds (D:9)
  31 orc warriors
  10 water moccasins
  A skyshark zombie (Crypt:1)
  A glowing shapeshifter skeleton (Crypt:1)
  A black bear (D:8)
  11 swamp drakes
  An ice dragon simulacrum (IceCv)
  An ettin simulacrum (Vaults:4)
  17 ogres
  A phantom (D:5)
  3 boggarts (D:15)
  2 small abominations (Depths:4)
  A blink frog skeleton (Crypt:2)
  A lemure (D:8)
  5 centaurs
  11 wolves
  6 kobold brigands
  12 bullfrogs
  2 earth elementals
  4 gnoll sergeants
  2 necrophages
  2 scorpions
  A human skeleton (Vaults:4)
  8 wights
  2 lindwurm simulacra (IceCv)
  10 killer bees
  14 howler monkeys
  31 orc priests
  9 gnoll boudas
  3 hounds
  6 jellies
  6 iguanas
  A black bear skeleton (Crypt:2)
  2 sleepcaps
  27 orc wizards
  A scorpion zombie (Crypt:3)
  5 hell rats (Lair:3)
  A mummy (D:8)
  A spectral howler monkey (D:10)
  Robin (D:2)
  13 gnolls
  8 adders
  A swamp drake skeleton (Crypt:3)
  3 white imps
  An ufetubus (D:6)
  An adder zombie (Ossuary)
  A lava snake skeleton (Crypt:2)
  2 worms
  7 dart slugs
  69 orcs
  4 ball pythons
  14 endoplasms
  5 giant cockroaches
  A gnoll zombie (Crypt:1)
  17 goblins
  7 hobgoblins
  13 jackals
  4 quokkas
  2 ball python skeletons (Ossuary)
  10 bats
  4 frilled lizards
  A hobgoblin skeleton (Ossuary)
  14 kobolds
  A kobold zombie (Ossuary)
  4 orc skeletons (Ossuary)
  5 rats
  A rat skeleton (Crypt:1)
1710 creatures vanquished.

Vanquished Creatures (collateral kills)
  Xtahua (Depths:3)
  3 golden dragons
  A profane servitor (Crypt:3)
  A bone dragon (Crypt:2)
  A walking crystal tome (Depths:2)
  9 tentacled monstrosities
  Zenata (Crypt:2)
  A walking earthen tome (Depths:3)
  A titan (Depths:3)
  A deep elf blademaster (Elf:3)
  A shard shrike skeleton (Crypt:2)
  13 acid blobs
  3 liches
  A walking divine tome (Depths:2)
  A quicksilver dragon (Zot:1)
  3 ancient champions (Crypt:3)
  A sphinx (Vaults:4)
  3 death cobs
  A tengu reaver (Depths:2)
  5 shadow dragons
  2 storm dragons
  A revenant (Crypt:1)
  Agnes (Snake:3)
  3 rockslimes (Slime:5)
  A nagaraja (Snake:2)
  An iron dragon (Depths:3)
  4 frost giants (Depths:2)
  2 deep elf sorcerers (Elf:3)
  A juggernaut zombie (Depths:3)
  2 draconian scorchers
  2 ghouls
  16 very ugly things
  4 quicksilver oozes
  A reaper (Crypt:2)
  A deep elf elementalist (Elf:3)
  4 ironbound preservers
  A juggernaut skeleton (Crypt:2)
  4 stone giants
  An ironbound thunderhulk (Vaults:4)
  4 vampire knights
  The ghost of middlethird the Brawler, a journeyman VSTm of Cheibriados (Snake:2)
  A spark wasp (Depths:1)
  A dire elephant (Vaults:4)
  A yellow draconian (Depths:3)
  2 deep elf annihilators (Elf:3)
  4 white draconians
  A purple draconian (Depths:4)
  A black draconian (Depths:4)
  4 red draconians
  4 deep elf death magi
  6 jiangshi
  3 fire dragons
  An entropy weaver (Vaults:4)
  A mummy priest (Crypt:3)
  7 great orbs of eyes
  An ice dragon (Depths:3)
  2 rakshasas
  A quicksilver dragon skeleton (Crypt:2)
  4 hydras
  An ironbound frostheart (Vaults:3)
  4 anacondas
  2 spriggan air magi (Depths:3)
  A centaur warrior (D:14)
  A boulder beetle (D:12)
  2 two-headed ogres
  2 death knights
  3 deep troll shamans
  3 deep troll earth magi
  2 alligators
  A death yak (Lair:5)
  3 vampire magi
  7 naga warriors
  2 naga sharpshooters
  5 dancing weapons (Elf:2)
  An orc high priest (Orc:2)
  2 spriggan berserkers (Depths:3)
  4 hell knights
  4 deep elf knights
  A soul eater (Depths:3)
  An iron giant zombie (Crypt:3)
  8 iron trolls
  4 shadow wraiths
  6 skeletal warriors
  A sixfirhy (Depths:2)
  A salamander mystic (Snake:2)
  A death drake (Swamp:2)
  23 deep trolls
  2 swamp dragons (Swamp:4)
  2 glowing orange brains
  2 deep elf archers
  A goliath frog (Swamp:4)
  4 flayed ghosts
  3 golden dragon skeletons
  4 naga ritualists
  A bog body (Swamp:4)
  3 phantasmal warriors
  5 lindwurms
  A wizard (D:15)
  3 deep elf zephyrmancers
  A mana viper (Snake:3)
  3 deep elf pyromancers
  A steelbarb worm (shapeshifter) (Depths:3)
  6 ugly things
  3 necromancers
  A shadow dragon skeleton (Crypt:2)
  2 moths of wrath
  A will-o-the-wisp (Swamp:1)
  A fire giant zombie (Crypt:3)
  A shining eye (Slime:4)
  2 large abominations
  2 salamanders
  An iron dragon skeleton (Crypt:2)
  An eye of devastation (Slime:5)
  6 black mambas
  2 centaur zombies
  An elephant (Lair:4)
  2 naga magi
  3 vault sentinels
  2 cane toads
  A dire elephant skeleton (Crypt:2)
  A rime drake (Lair:5)
  An unseen horror (Depths:4)
  5 freezing wraiths
  3 yaktaurs (Vaults:2)
  A tengu conjurer (Depths:3)
  6 golden dragon simulacra (IceCv)
  A tyrant leech (Swamp:2)
  A guardian mummy (Crypt:3)
  A hellwing (Depths:2)
  2 blink frogs
  A death drake zombie (Crypt:2)
  A shadow dragon simulacrum (Depths:1)
  4 hornets
  A spriggan zombie (Depths:1)
  2 flying skulls (Crypt:1)
  28 slime creatures
  2 water elementals (Depths:2)
  An air elemental (Elf:3)
  3 wraiths
  3 fire dragon skeletons (Crypt:2)
  A small abomination (Depths:3)
  An ettin skeleton (Crypt:3)
  2 spriggans
  6 yaks
  A steam dragon (Lair:5)
  A redback (Vaults:4)
  4 vampire mosquitoes
  A basilisk (Lair:5)
  A naga zombie (Crypt:3)
  6 nagas
  A swamp worm (Swamp:2)
  An acid dragon (D:11)
  A water moccasin (Lair:2)
  2 floating eyes
  A swamp drake (Swamp:4)
  2 ice dragon simulacra (IceCv)
  9 orc warriors
  A komodo dragon zombie (Crypt:3)
  A kobold brigand (D:9)
  A bullfrog (Lair:2)
  2 gnoll sergeants (D:9)
  A necrophage (Swamp:4)
  2 lindwurm simulacra (IceCv)
  A howler monkey (D:9)
  3 jellies (D:8)
  4 orc priests
  2 centaur skeletons
  An iguana (shapeshifter) (D:15)
  6 orc wizards
  A hell rat (Lair:3)
  A gnoll (D:9)
  11 orcs
  A goblin skeleton (Crypt:2)
472 creatures vanquished.

Vanquished Creatures (others)
  A stone giant (Depths:3)
  A yaktaur captain (Vaults:2)
  A salamander tyrant (Snake:4)
  A centaur warrior (Vaults:4)
  A naga warrior (Snake:4)
  A vampire mage (Crypt:1)
  A naga sharpshooter (Snake:4)
  A deep elf knight (Elf:3)
  A deep troll (Vaults:4)
  2 yaktaurs
  A bloated husk (Swamp:2)
  2 water elementals (Elf:3)
  A human (Snake:1)
  An acid dragon (Depths:4)
  26 knights
  3 ancestors
  An iguana (Lair:5)
  5 ball lightnings (Elf:3)
  A butterfly (Depths:2)
  8 foxfires
60 creatures vanquished.

Grand Total: 2242 creatures vanquished

Notes
Turn   | Place    | Note
-------+----------+-------------------------------------------
     0 | D:1      | porpoise the Human Hunter began the quest for the Orb.
     0 | D:1      | Reached XP level 1. HP: 16/16 MP: 1/1
   112 | D:1      | Reached XP level 2. HP: 22/22 MP: 2/2
   251 | D:1      | Reached XP level 3. HP: 28/28 MP: 3/3
   809 | D:2      | Reached XP level 4. HP: 34/34 MP: 4/4
   970 | D:2      | Identified 2 scrolls of acquirement
   970 | D:2      | Acquired a manual of Dodging
   972 | D:2      | Acquired a +4 longbow of draining
  1005 | D:2      | Acquired the +2 pair of boots of Dithmenos's Esteem {Will+}
  1155 | D:2      | Reached skill level 5 in Ranged Weapons
  1243 | D:2      | Reached XP level 5. HP: 40/40 MP: 5/5
  1320 | D:2      | Found a faded altar of an unknown god.
  1378 | D:2      | Noticed Robin
  1384 | D:2      | Killed Robin
  1642 | D:3      | Found Xeh Ukh's Armour Shoppe.
  1823 | D:3      | Found a sacrificial altar of Ru.
  1840 | D:3      | Found an ornate altar of the Wu Jian Council.
  2242 | D:4      | Reached XP level 6. HP: 47/47 MP: 6/6
  2319 | D:4      | Found Zingaarch's Distillery.
  2322 | D:4      | Bought a potion of heal wounds for 60 gold pieces
  2322 | D:4      | Bought a potion of degeneration for 12 gold pieces
  2432 | D:4      | You fall into a shaft and drop 3 floors!
  2541 | D:7      | Found a runed translucent door.
  2541 | D:7      | Found a shimmering altar of Xom.
  2541 | D:7      | Noticed bronco's ghost (novice MeEE)
  2542 | D:7      | Noticed a +1 trident of chaos
  2561 | D:6      | Reached skill level 6 in Ranged Weapons
  2650 | D:6      | Found Qeixapre's Neck Hole.
  2666 | D:6      | Noticed Menkaure
  2669 | D:6      | Killed Menkaure
  2670 | D:6      | Reached XP level 7. HP: 53/53 MP: 7/7
  2689 | D:5      | Entered Level 5 of the Dungeon
  2903 | D:5      | Found a white marble altar of Elyvilon.
  2990 | D:5      | Found a staircase to the Ecumenical Temple.
  3001 | Temple   | Entered the Ecumenical Temple
  3091 | D:5      | Reached skill level 7 in Ranged Weapons
  3193 | D:4      | Reached XP level 8. HP: 61/61 MP: 8/8
  3215 | D:4      | Noticed Eustachio
  3224 | D:4      | Killed Eustachio
  3472 | D:5      | Reached skill level 5 in Fighting
  3472 | D:5      | Reached skill level 5 in Stealth
  3678 | D:5      | Reached skill level 8 in Ranged Weapons
  4378 | D:7      | Noticed a yak
  4378 | D:7      | Noticed a yak
  4590 | D:7      | Noticed a yak
  4590 | D:7      | Noticed a yak
  4594 | D:7      | Killed a yak
  4595 | D:7      | Reached XP level 9. HP: 69/69 MP: 9/9
  4608 | D:7      | Reached skill level 9 in Ranged Weapons
  4697 | D:7      | Reached skill level 10 in Ranged Weapons
  5057 | D:7      | Noticed Joseph
  5062 | D:7      | Killed Joseph
  5063 | D:7      | Reached skill level 1 in Armour
  5063 | D:7      | Reached XP level 10. HP: 77/79 MP: 10/10
  5154 | D:8      | Found a flagged portal.
  5163 | Bailey   | Entered a bailey
  5180 | Bailey   | Reached skill level 11 in Ranged Weapons
  5233 | Bailey   | Reached skill level 5 in Dodging
  5281 | Bailey   | Identified the +1 fire dragon scales "Omunn" {rElec rF++
                  | rC- Str-3 Dex+2}
  5382 | Bailey   | Noticed a two-headed ogre
  5389 | Bailey   | Killed a two-headed ogre
  5434 | D:8      | Found Qeriev's Assorted Antiques.
  5436 | D:8      | Bought a scroll labelled SAUGIY BANTAGE for 27 gold pieces
  5436 | D:8      | Bought a scroll of teleportation for 81 gold pieces
  5436 | D:8      | Bought a black potion for 24 gold pieces
  5497 | D:8      | Found a sand-covered staircase.
  5506 | Ossuary  | Entered an ossuary
  5663 | Ossuary  | Reached skill level 12 in Ranged Weapons
  5842 | D:8      | Found a shimmering blue altar of Sif Muna.
  5851 | D:8      | Found an iron altar of Okawaru.
  5851 | D:8      | Found a hazy altar of Hepliaklqana.
  5860 | D:8      | Became a worshipper of Hepliaklqana the Forgotten
  5881 | D:8      | Found a runed translucent gate.
  5881 | D:8      | Found a runed translucent gate.
  5881 | D:8      | Found a runed translucent gate.
  5881 | D:8      | Noticed angrytalen3's ghost (novice MiGl)
  5945 | D:8      | Reached XP level 11. HP: 69/84 MP: 11/11
  6091 | D:8      | Noticed Pikel
  6494 | D:8      | Found a staircase to the Lair.
  6772 | D:8      | Killed Pikel
  6773 | D:8      | Reached skill level 13 in Ranged Weapons
  6773 | D:8      | Reached skill level 5 in Armour
  7006 | D:8      | Found a viscous altar of Jiyva.
  7250 | Lair:1   | Entered Level 1 of the Lair of Beasts
  7407 | Lair:1   | Noticed an elephant
  7408 | Lair:1   | Noticed an elephant
  7408 | Lair:1   | Noticed an elephant
  7410 | Lair:1   | Noticed an elephant
  7414 | Lair:1   | Killed an elephant
  7418 | Lair:1   | Noticed an elephant
  7420 | Lair:1   | Noticed an elephant
  7422 | Lair:1   | Killed an elephant
  7426 | Lair:1   | Killed an elephant
  7455 | Lair:1   | Killed an elephant
  7576 | Lair:1   | Killed an elephant
  7630 | Lair:1   | Killed an elephant
  7631 | Lair:1   | Reached skill level 14 in Ranged Weapons
  7674 | Lair:1   | Reached * piety under Hepliaklqana
  7723 | Lair:1   | You fall into a shaft and drop 1 floor!
  7755 | Lair:2   | Found a staircase to the Swamp.
  7755 | Lair:2   | Noticed a bog body
  7755 | Lair:2   | Noticed a bog body
  7760 | Lair:2   | Killed a bog body
  7761 | Lair:2   | Reached skill level 10 in Dodging
  7769 | Lair:2   | HP: 1/75 [bog body/bolt of cold (28)]
  7770 | Lair:2   | Killed a bog body
  7771 | Lair:2   | Reached XP level 12. HP: 3/81 MP: 12/12
  8258 | Lair:2   | Noticed an eight-headed hydra
  8263 | Lair:2   | Killed an eight-headed hydra
  8264 | Lair:2   | Reached skill level 15 in Ranged Weapons
  8741 | Lair:1   | Noticed a death yak
  8742 | Lair:1   | Noticed a death yak
  8743 | Lair:1   | Noticed a death yak
  8744 | Lair:1   | Noticed a death yak
  8748 | Lair:1   | Noticed a death yak
  8755 | Lair:1   | Killed a death yak
  8770 | Lair:1   | Killed a death yak
  8784 | Lair:1   | Killed a death yak
  8785 | Lair:1   | Killed a death yak
  8786 | Lair:1   | Killed a death yak
  9057 | Lair:1   | Reached ** piety under Hepliaklqana
  9058 | Lair:1   | Remembered your ancestor Nikki as a knight
  9472 | Lair:3   | Found a staircase to the Snake Pit.
  9521 | Lair:3   | Reached skill level 16 in Ranged Weapons
  9788 | Lair:3   | Reached XP level 13. HP: 86/86 MP: 13/13
 10527 | Lair:4   | Noticed a seven-headed hydra
 10532 | Lair:4   | Killed a seven-headed hydra
 10994 | Lair:4   | Reached skill level 17 in Ranged Weapons
 11361 | Lair:4   | Found a viscous altar of Jiyva.
 11435 | Lair:4   | Reached *** piety under Hepliaklqana
 11655 | Lair:4   | Found a staircase to the Slime Pits.
 11803 | Lair:5   | Entered Level 5 of the Lair of Beasts
 11950 | Lair:5   | Reached skill level 1 in Invocations
 12279 | Lair:5   | Reached XP level 14. HP: 92/92 MP: 15/15
 12285 | Lair:5   | Reached skill level 18 in Ranged Weapons
 13250 | Lair:5   | Reached skill level 5 in Invocations
 14274 | D:9      | Found a snail-covered altar of Cheibriados.
 14777 | D:9      | Reached XP level 15. HP: 101/101 MP: 18/20
 14866 | D:9      | Reached **** piety under Hepliaklqana
 15117 | D:9      | Found Ridde Huk's Assorted Antiques.
 15124 | D:9      | Bought a scroll of enchant weapon for 202 gold pieces
 15124 | D:9      | Bought a warped bone ring for 135 gold pieces
 15124 | D:9      | Identified the ring "Yjuhorgh" {rN+ Str+2} (You bought it
                  | in a shop on level 9 of the Dungeon)
 15570 | D:9      | Reached skill level 5 in Evocations
 15570 | D:9      | Reached XP level 16. HP: 109/109 MP: 22/22
 15579 | D:9      | Identified the +6 chain mail of Tagaru {rF++}
 15621 | D:9      | Reached skill level 10 in Fighting
 15684 | D:10     | Entered Level 10 of the Dungeon
 15884 | D:10     | Found a shadowy altar of Dithmenos.
 16083 | D:6      | Bought a scarf of repulsion for 144 gold pieces
 16502 | D:10     | Found a bloodstained altar of Trog.
 16576 | D:10     | Found a glowing golden altar of the Shining One.
 16922 | D:11     | Identified the +8 spear of Ynuulle {holy, rC+ rN+}
 16948 | D:11     | Noticed Erolcha
 16954 | D:11     | Killed Erolcha
 16966 | D:11     | Found the ring of the Hare {EV+10}
 17287 | D:11     | Found a staircase to the Orcish Mines.
 17333 | D:11     | Noticed Maurice
 17351 | D:11     | Killed Maurice
 17919 | Orc:1    | Entered Level 1 of the Orcish Mines
 18226 | Orc:2    | Entered Level 2 of the Orcish Mines
 18322 | Orc:2    | Reached ***** piety under Hepliaklqana
 18329 | Orc:2    | Found a staircase to the Elven Halls.
 18370 | Orc:2    | Noticed Rupert
 18385 | Orc:2    | Killed Rupert
 18496 | Orc:2    | Reached skill level 10 in Invocations
 18652 | Orc:2    | Found Nabit's Antique Weapon Boutique.
 18655 | Orc:2    | Found Arhargh's Antique Armour Shop.
 19175 | Orc:2    | Found Sicij's Armour Shop.
 19202 | Orc:2    | Found Wunutroo's Jewellery Shoppe.
 19664 | Orc:2    | Bought the ring "Kuuro" {rF+ rC+ rN+ Int+2} for 616 gold
                  | pieces
 19715 | Orc:2    | Bought a runed scarf for 256 gold pieces
 19731 | Orc:2    | Bought a polished sling for 221 gold pieces
 19731 | Orc:2    | Identified the +6 sling of Supply {speed, Will+} (You
                  | bought it in a shop on level 2 of the Orcish Mines)
 19857 | D:12     | Found a runed translucent door.
 19860 | D:12     | Noticed monsoonserge's ghost (novice TeRe)
 19967 | D:12     | Noticed Psyche
 19970 | D:12     | Killed Psyche
 20814 | D:13     | Found a gate to the Vaults.
 21477 | D:14     | Found a hide-covered altar of Uskayaw.
 21726 | D:14     | Found a shadowy altar of Dithmenos.
 22275 | D:15     | Entered Level 15 of the Dungeon
 22339 | D:15     | Reached XP level 17. HP: 119/119 MP: 25/25
 22446 | D:15     | Found a shimmering altar of Xom.
 22811 | D:15     | Reached skill level 10 in Armour
 23244 | D:15     | Found a staircase to the Depths.
 23666 | Elf:1    | Entered Level 1 of the Elven Halls
 24353 | Elf:1    | Found Uczovuott's Book Shop.
 24353 | Elf:1    | Found Jedogyti's Antique Weapon Boutique.
 24354 | Elf:1    | Found Comam's Antique Armour Shop.
 24356 | Elf:1    | Found Bomout's Book Boutique.
 24612 | Elf:1    | Bought a pair of runed gloves for 270 gold pieces
 24626 | Elf:1    | Bought a buzzing scimitar for 261 gold pieces
 24626 | Elf:1    | Identified the +11 scimitar of Cujuxopt {heavy, Drain Will-
                  | rCorr Dex+6} (You bought it in a shop on level 1 of the
                  | Elven Halls)
 24877 | Elf:2    | Found a runed translucent gate.
 24877 | Elf:2    | Found a runed translucent gate.
 24877 | Elf:2    | Found a runed translucent gate.
 24950 | Elf:2    | Found Ciulomno's Weapon Emporium.
 25631 | Elf:2    | Reached XP level 18. HP: 129/129 MP: 27/27
 25637 | Elf:2    | Noticed a deep elf blademaster
 25659 | Elf:2    | Killed a deep elf blademaster
 26445 | Elf:3    | Entered Level 3 of the Elven Halls
 27325 | Elf:3    | Noticed a deep elf blademaster
 27334 | Elf:3    | Noticed a deep elf blademaster
 27335 | Elf:3    | Noticed a deep elf master archer
 27495 | Elf:3    | Reached ****** piety under Hepliaklqana
 28371 | Elf:3    | Killed a deep elf blademaster
 28837 | Elf:3    | Reached skill level 15 in Fighting
 28864 | Elf:3    | Noticed a deep elf blademaster
 28887 | Elf:3    | Killed a deep elf blademaster
 29004 | Elf:3    | Killed a deep elf master archer
 29050 | Elf:3    | Noticed a deep elf master archer
 29061 | Elf:3    | Killed a deep elf master archer
 29062 | Elf:3    | Reached XP level 19. HP: 139/139 MP: 24/28
 29103 | Elf:3    | Killed a deep elf blademaster
 29995 | Elf:3    | Identified the staff of poison "Vuapuczu" {rPois Int+2}
 29998 | Elf:3    | Identified the +1 rapier of a ziggurat {venom, Dex+6}
 30000 | Elf:3    | Identified the +5 long sword of Giakis {heavy, SInv}
 30023 | Elf:3    | Identified the ring of Lacvaeq {Fire Will++}
 30039 | Elf:3    | Identified the +0 arbalest "Xuymaimm" {drain, Fragile Str+2
                  | Int+4}
 30087 | Elf:3    | Got Cigotuvi's Papyrus of the Slime-mould
 30120 | Elf:3    | Got the Discourse on the Impact
 30503 | Swamp:1  | Entered Level 1 of the Swamp
 30515 | Swamp:1  | Reached skill level 1 in Long Blades
 30878 | Swamp:1  | Found a frozen archway.
 30891 | IceCv    | Entered an ice cave
 31112 | IceCv    | Identified the ring of Xom's Amusement {Wiz rCorr Dex+3}
 31509 | IceCv    | Identified the ring of Wopt {rF+ Will+ Str+4 Slay+5}
 31519 | IceCv    | Identified the ring of Insomnia {Drain AC+4 Int+8 Slay+3
                  | Stlth+}
 31890 | Swamp:1  | Reached skill level 5 in Long Blades
 32321 | Swamp:2  | Noticed Frances
 32332 | Swamp:2  | Killed Frances
 33041 | Swamp:3  | Noticed a tentacled monstrosity
 33048 | Swamp:3  | Killed a tentacled monstrosity
 33313 | Swamp:3  | Reached XP level 20. HP: 147/147 MP: 30/30
 33646 | Swamp:4  | Entered Level 4 of the Swamp
 33752 | Swamp:4  | Reached skill level 10 in Long Blades
 34259 | Swamp:4  | Noticed the 27-headed Lernaean hydra
 34274 | Swamp:4  | Killed the 27-headed Lernaean hydra
 34404 | Swamp:4  | Got a decaying rune of Zot
 34873 | Snake:1  | Entered Level 1 of the Snake Pit
 34948 | Snake:1  | Noticed Kirke
 34972 | Snake:1  | Killed Kirke
 35130 | Snake:1  | Found Errestojoll's Jewellery Shoppe.
 35130 | Snake:1  | Found Suckaf's Book Boutique.
 35131 | Snake:1  | Found Kinojuor's Book Boutique.
 35159 | Snake:1  | Noticed Roxanne
 35176 | Snake:1  | Killed Roxanne
 35207 | Snake:1  | Noticed Aizul
 35220 | Snake:1  | Killed Aizul
 36714 | Snake:2  | Identified the +3 great sword of the Boar {holy, Fly rCorr
                  | Dex-2 Stlth+}
 36716 | Snake:2  | Reached XP level 21. HP: 153/153 MP: 31/31
 36791 | Snake:2  | Found a transporter.
 36873 | Snake:2  | Learned a level 4 spell: Olgreb's Toxic Radiance
 37126 | Elf:1    | Bought the Tome of Transition for 264 gold pieces
 37130 | Elf:1    | Learned a level 3 spell: Ignite Poison
 37385 | Snake:2  | Found a transporter.
 37388 | Snake:2  | Noticed middlethird's ghost (journeyman VSTm)
 37511 | Snake:2  | Identified the ring "Tuink" {Ice rElec rPois Will+}
 37855 | Snake:3  | Reached skill level 1 in Fire Magic
 37859 | Snake:3  | Reached skill level 1 in Transmutations
 37859 | Snake:3  | Reached skill level 1 in Poison Magic
 37861 | Snake:3  | Reached skill level 1 in Spellcasting
 38297 | Snake:3  | Found Taod's Weapon Shoppe.
 38297 | Snake:3  | Found Ikhlee's Distillery.
 38307 | Snake:3  | Bought a potion of mutation for 144 gold pieces
 38364 | Snake:3  | Noticed Agnes
 38376 | Snake:3  | Killed Agnes
 39070 | Snake:4  | Entered Level 4 of the Snake Pit
 39982 | Snake:4  | Reached skill level 5 in Poison Magic
 40328 | Snake:4  | Reached skill level 5 in Transmutations
 40345 | Snake:4  | Got a serpentine rune of Zot
 40352 | Snake:4  | Reached skill level 5 in Fire Magic
 40655 | Lair:1   | Gained mutation: You have sharp toenails. [potion of
                  | mutation]
 40655 | Lair:1   | Gained mutation: You possess an exceptional clarity of
                  | mind. [potion of mutation]
 40666 | Lair:1   | Lost mutation: You possess an exceptional clarity of mind.
                  | [potion of mutation]
 40666 | Lair:1   | Lost mutation: You have sharp toenails. [potion of
                  | mutation]
 40666 | Lair:1   | Gained mutation: You occasionally lose the ability to read
                  | scrolls when taking damage. [potion of mutation]
 40666 | Lair:1   | Gained mutation: You are weak. (Str -2) [potion of
                  | mutation]
 40666 | Lair:1   | Gained mutation: Your magical capacity is low. (-10% MP)
                  | [potion of mutation]
 40667 | Lair:1   | Lost mutation: You occasionally lose the ability to read
                  | scrolls when taking damage. [potion of mutation]
 40667 | Lair:1   | Lost mutation: You are weak. (Str -2) [potion of mutation]
 40667 | Lair:1   | Gained mutation: You have a somewhat thin skeletal
                  | structure. (Dex +2, Stealth+) [potion of mutation]
 40667 | Lair:1   | Gained mutation: Your mind is acute. (Int +4, Str/Dex -1)
                  | [potion of mutation]
 40667 | Lair:1   | Gained mutation: You are robust. (+10% HP) [potion of
                  | mutation]
 40667 | Lair:1   | Gained mutation: You expend magic power (3 MP) to
                  | strengthen your wands. [potion of mutation]
 40818 | Vaults:1 | Entered Level 1 of the Vaults
 41002 | Vaults:1 | Noticed Nikola
 41009 | Vaults:1 | Killed Nikola
 41174 | Vaults:1 | Reached XP level 22. HP: 178/178 MP: 29/29
 41715 | Vaults:1 | Reached skill level 10 in Evocations
 42638 | Vaults:2 | Identified the ring of Voloasm {Fly Dex+6}
 43040 | Vaults:2 | Reached skill level 5 in Spellcasting
 43755 | Vaults:3 | Identified the +8 ring mail of Feasting {Dex+3}
 44526 | Vaults:3 | Found a staircase to the Crypt.
 45121 | Vaults:3 | Identified the +7 trident of Taxation {vamp, rPois rCorr
                  | Int-5}
 45756 | Vaults:4 | Reached XP level 23. HP: 186/186 MP: 30/30
 45875 | Vaults:4 | Reached skill level 10 in Poison Magic
 47257 | Vaults:4 | Found Piraub's Jewellery Emporium.
 48033 | Vaults:4 | Found a portal to a secret trove of treasure.
 48457 | Depths:1 | Entered Level 1 of the Depths
 48719 | Depths:1 | Found Rafonn's Antique Weapon Boutique.
 48721 | Depths:1 | Found Tohe Sui's Armour Boutique.
 49368 | Depths:1 | Noticed Saint Roka
 49371 | Depths:1 | Saint Roka changed into Saint Roka the acid blob
 49371 | Depths:1 | Noticed Saint Roka
 49379 | Depths:1 | Killed Saint Roka the acid blob
 49380 | Depths:1 | Reached skill level 1 in Shields
 49885 | Depths:1 | Found Ycamuipn's Jewellery Shoppe.
 49897 | Depths:1 | Found Ukeops's Jewellery Shop.
 50049 | Depths:1 | Found Rufid's Distillery.
 50116 | Depths:1 | Found a gateway to Hell.
 50280 | Depths:1 | Reached XP level 24. HP: 178/192 MP: 30/30
 50317 | Depths:1 | Reached skill level 5 in Shields
 50907 | Depths:2 | Found a white marble altar of Elyvilon.
 51000 | Depths:2 | Found a runed translucent gate.
 51000 | Depths:2 | Found a runed translucent gate.
 51000 | Depths:2 | Found a runed translucent gate.
 51203 | Depths:2 | Found a one-way gateway to a ziggurat.
 51753 | Depths:2 | Noticed a golden dragon
 51760 | Depths:2 | Killed a golden dragon
 52008 | Depths:2 | Noticed a golden dragon
 52013 | Depths:2 | Killed a golden dragon
 52014 | Depths:2 | Reached skill level 10 in Shields
 52748 | Depths:2 | Found a one-way gate leading to the halls of Pandemonium.
 53633 | Depths:3 | Noticed a juggernaut
 53643 | Depths:3 | Killed a juggernaut
 53679 | Depths:3 | Noticed a golden dragon
 53685 | Depths:3 | Killed a golden dragon
 54051 | Depths:3 | Reached XP level 25. HP: 193/204 MP: 30/30
 54212 | Depths:3 | Noticed an ancient lich
 54707 | Depths:3 | Killed an ancient lich
 54809 | Depths:3 | Got the Papyrus of Death
 54968 | Depths:3 | Found a one-way gate to the infinite horrors of the Abyss.
 54982 | Depths:3 | Noticed Xtahua
 54992 | Depths:3 | Killed Xtahua
 55229 | Depths:4 | Entered Level 4 of the Depths
 55351 | Depths:3 | Reached skill level 19 in Ranged Weapons
 55871 | Depths:4 | Noticed an ancient lich
 55877 | Depths:4 | Noticed Vacerub's ghost (adept TrMo)
 55970 | Depths:4 | Identified the +2 quarterstaff "Yrchi" {spect, *Noise rCorr
                  | MP+9 Str+5}
 57263 | Depths:4 | Found a bloodstained altar of Trog.
 57416 | Depths:4 | Found an opulent altar of Gozag.
 57434 | Depths:4 | Found Ewixkite's Magic Scroll Boutique.
 57442 | Depths:4 | Bought a scroll of blinking for 112 gold pieces
 57442 | Depths:4 | Bought a scroll of teleportation for 45 gold pieces
 57442 | Depths:4 | Bought a scroll of enchant armour for 112 gold pieces
 57442 | Depths:4 | Bought a scroll of brand weapon for 142 gold pieces
 57442 | Depths:4 | Bought a scroll of teleportation for 45 gold pieces
 57442 | Depths:4 | Bought a scroll of vulnerability for 60 gold pieces
 57472 | Depths:4 | Found a transporter.
 57560 | Depths:4 | Found a transporter.
 57895 | Depths:4 | Found a gate to the Realm of Zot.
 58320 | D:12     | Killed monsoonserge's ghost
 58543 | Snake:2  | Killed middlethird's ghost
 58888 | D:8      | Killed angrytalen3's ghost
 58991 | D:7      | Killed bronco's ghost
 59455 | Depths:2 | Reached XP level 26. HP: 211/211 MP: 27/30
 59606 | Depths:2 | Found a runed translucent gate.
 59606 | Depths:2 | Found a runed translucent gate.
 59609 | Depths:2 | Noticed Plog's ghost (adept DgCj)
 59617 | Depths:2 | Found a runed translucent gate.
 60656 | Slime:1  | Entered Level 1 of the Pits of Slime
 60661 | Slime:1  | Paralysed by a floating eye for 2 turns
 61489 | Slime:4  | Gained mutation: You are vulnerable to cold. (rC-) [a
                  | shining eye]
 61539 | Slime:5  | Entered Level 5 of the Pits of Slime
 61574 | Slime:4  | Reached skill level 15 in Shields
 61580 | Slime:4  | Reached skill level 20 in Ranged Weapons
 63442 | Slime:5  | Found a viscous altar of Jiyva.
 63442 | Slime:5  | Noticed the Royal Jelly
 63918 | Slime:5  | Found the +6 arbalest "Damnation" {damnation}
 63959 | Slime:5  | Killed the Royal Jelly
 64341 | Slime:5  | Got a slimy rune of Zot
 64363 | Slime:5  | Got the Catalogue of the Well-Known Wars
 64374 | Slime:5  | Identified the staff of conjuration "Bapuody" {Str+3 Int+3}
 64394 | Slime:5  | Identified the staff of poison "Godd" {rPois rF+ Will+}
 64395 | Slime:5  | Identified the staff of death "Hattyusm" {rN+ Str+3 Int+3
                  | Stlth-}
 64400 | Slime:5  | Identified the +3 ring mail "Moacukh" {+Blink rPois MP+9
                  | Stlth-}
 64421 | Slime:5  | Identified the +3 chain mail "Seixouha" {rPois Str+6 Int-5}
 64450 | Slime:5  | Identified the staff of earth "Ceighas" {rElec rF- Dex+3}
 64916 | Elf:1    | Bought a book of Weapons for 392 gold pieces
 64920 | Elf:1    | Learned a level 3 spell: Portal Projectile
 65791 | Crypt:1  | Entered Level 1 of the Crypt
 65864 | Crypt:1  | Reached skill level 1 in Translocations
 65868 | Crypt:1  | Reached skill level 1 in Hexes
 65970 | Crypt:1  | Found a basalt altar of Yredelemnul.
 66072 | Crypt:1  | Noticed Caebbisch's ghost (veteran DsCj)
 66191 | Crypt:1  | Found a transporter.
 66194 | Crypt:1  | Found a transporter.
 66377 | Crypt:1  | Killed Caebbisch's ghost
 67442 | Crypt:2  | Reached XP level 27. HP: 217/217 MP: 30/30
 67557 | Crypt:2  | Reached skill level 5 in Hexes
 67559 | Crypt:2  | Reached skill level 5 in Translocations
 67578 | Crypt:2  | Noticed Zenata
 67585 | Crypt:2  | Killed Zenata
 67816 | Crypt:2  | Identified the +4 dagger "Tutacwi" {flame, rN+ Int+2}
 68542 | Crypt:3  | Entered Level 3 of the Crypt
 69063 | Crypt:3  | Found an ancient bone altar of Kikubaaqudgha.
 69063 | Crypt:3  | Found a basalt altar of Yredelemnul.
 70278 | Crypt:3  | Identified the ring of Jyvergh Odon {rC+ rN+ Str-4 Int+3}
 70278 | Crypt:3  | Identified the ring "Zipasi" {rN+ Int+4}
 70416 | Crypt:3  | Found a staircase to the Tomb.
 70850 | Lair:1   | Lost mutation: You are robust. (+10% HP) [potion of
                  | mutation]
 70850 | Lair:1   | Lost mutation: You expend magic power (3 MP) to strengthen
                  | your wands. [potion of mutation]
 70850 | Lair:1   | Lost mutation: Your magical capacity is low. (-10% MP)
                  | [potion of mutation]
 70850 | Lair:1   | Gained mutation: You occasionally lose the ability to drink
                  | potions when taking damage. [potion of mutation]
 70850 | Lair:1   | Gained mutation: Your mind is very acute. (Int +8, Str/Dex
                  | -2) [potion of mutation]
 70851 | Lair:1   | Lost mutation: You are vulnerable to cold. (rC-) [potion of
                  | mutation]
 70851 | Lair:1   | Lost mutation: You occasionally lose the ability to drink
                  | potions when taking damage. [potion of mutation]
 70851 | Lair:1   | Lost mutation: You have a somewhat thin skeletal structure.
                  | (Dex +2, Stealth+) [potion of mutation]
 70851 | Lair:1   | Gained mutation: You are strong-willed. (Will+) [potion of
                  | mutation]
 70852 | Lair:1   | Lost mutation: You are strong-willed. (Will+) [potion of
                  | mutation]
 70852 | Lair:1   | Lost mutation: Your mind is very acute. (Int +8, Str/Dex
                  | -2) [potion of mutation]
 70852 | Lair:1   | Lost mutation: Your mind is acute. (Int +4, Str/Dex -1)
                  | [potion of mutation]
 70852 | Lair:1   | Gained mutation: You sometimes lose your temper in combat.
                  | [potion of mutation]
 70852 | Lair:1   | Gained mutation: You have a pair of small horns on your
                  | head. [potion of mutation]
 70853 | Lair:1   | Lost mutation: You sometimes lose your temper in combat.
                  | [potion of mutation]
 70853 | Lair:1   | Lost mutation: You have a pair of small horns on your head.
                  | [potion of mutation]
 70853 | Lair:1   | Gained mutation: Your mind is acute. (Int +4, Str/Dex -1)
                  | [potion of mutation]
 70853 | Lair:1   | Gained mutation: You are robust. (+10% HP) [potion of
                  | mutation]
 70853 | Lair:1   | Gained mutation: Your spells are a little harder to cast,
                  | but a little more powerful. [potion of mutation]
 71154 | Depths:1 | Bought a potion of resistance for 200 gold pieces
 71154 | Depths:1 | Bought a potion of heal wounds for 100 gold pieces
 71154 | Depths:1 | Bought a potion of curing for 60 gold pieces
 71154 | Depths:1 | Bought a potion of curing for 60 gold pieces
 71154 | Depths:1 | Bought a potion of curing for 60 gold pieces
 71400 | D:9      | Bought a potion of resistance for 270 gold pieces
 71400 | D:9      | Bought a potion of invisibility for 216 gold pieces
 71548 | D:4      | Bought a potion of haste for 120 gold pieces
 71548 | D:4      | Bought a potion of invisibility for 96 gold pieces
 71915 | Zot:1    | Entered Level 1 of the Realm of Zot
 71996 | Zot:1    | Noticed an orb of fire
 72057 | Zot:1    | Gained mutation: You occasionally lose the ability to read
                  | scrolls when taking damage. [an orb of fire]
 72062 | Depths:4 | Gained mutation: You have hidden genetic defects. [an orb
                  | of fire]
 72064 | Depths:4 | Lost mutation: You are robust. (+10% HP) [an orb of fire]
 72066 | Depths:4 | Killed an orb of fire
 72067 | Depths:4 | Reached skill level 15 in Armour
 72067 | Depths:4 | Reached skill level 15 in Dodging
 73003 | Zot:1    | Gained mutation: You are frail. (-10% HP) [hidden defects]
 73025 | Zot:1    | Lost mutation: Your spells are a little harder to cast, but
                  | a little more powerful. [potion of mutation]
 73025 | Zot:1    | Lost mutation: You are frail. (-10% HP) [potion of
                  | mutation]
 73025 | Zot:1    | Lost mutation: Your mind is acute. (Int +4, Str/Dex -1)
                  | [potion of mutation]
 73025 | Zot:1    | Gained mutation: Your skin changes colour to match your
                  | surroundings (Stealth+). [potion of mutation]
 73026 | Zot:1    | Lost mutation: You have hidden genetic defects. [potion of
                  | mutation]
 73026 | Zot:1    | Lost mutation: You occasionally lose the ability to read
                  | scrolls when taking damage. [potion of mutation]
 73026 | Zot:1    | Gained mutation: A frigid envelope surrounds you and
                  | freezes all who hurt you. [potion of mutation]
 73026 | Zot:1    | Gained mutation: You are resistant to electric shocks.
                  | (rElec) [potion of mutation]
 73026 | Zot:1    | Gained mutation: You are weak. (Str -2) [potion of
                  | mutation]
 73595 | Zot:1    | Found a runed translucent gate.
 73595 | Zot:1    | Found a runed translucent gate.
 73595 | Zot:1    | Found a runed translucent gate.
 73597 | Zot:1    | Noticed a dread lich
 73597 | Zot:1    | Noticed a dread lich
 73597 | Zot:1    | Noticed a dread lich
 73597 | Zot:1    | Noticed a dread lich
 73598 | Zot:1    | Found an ancient bone altar of Kikubaaqudgha.
 73598 | Zot:1    | Noticed Ziques's ghost (legendary FoFi)
 75879 | Zot:3    | Noticed a Killer Klown
 75890 | Zot:3    | Killed a Killer Klown
 76354 | Zot:3    | HP: 6/188 [shadow dragon (17)]
 76355 | Zot:3    | Slain by a shadow dragon

Illustrated notes

Levels and vault maps discovered:
D:1:      dpeg_arrival_refuge, layout_basic
D:2:      layout_rooms, shapermc_ecumenical_altar_notcrosses, uniq_robin
D:3:      layout_loops_ring, mainiacjoe_overflow_catwalk_spiral, serial_shops,
          nicolae_shop_stone
D:4:      layout_basic, chequers_garden, minmay_misc_feat_room,
          nicolae_stop_n_shop_1, uniq_eustachio
D:5:      layout_loops_ring, mainiacjoe_overflow_paths,
          minmay_temple_entry_drinking_statues
D:6:      layout_loops_ring, nicolae_concentric_dashed_squares_wild,
          nicolae_shop_sticking_my_neck_out, uniq_menkaure
D:7:      layout_rooms, ebering_ghost_xom, uniq_joseph
D:8:      kennysheep_seaside_town, layout_rooms, grunt_temple_overflow_open,
          grunt_lair_entry_orc_guard_hut, serial_shops, nicolae_shop_trees,
          gammafunk_ghost_ooze, gup_ossuary_entry_pyramid, enter_bailey_8,
          uniq_pikel
D:9:      lemuel_castle_with_subvaults [lemuel_castle_interior_carwin_1],
          layout_stronghold, marbit_many_paths, serial_shops,
          nicolae_shop_dealshenge
D:10:     layout_loops_cross, lemuel_tele_altar, kennysheep_mini,
          lemuel_crystal_altar, grunt_ogre_cave, hangedman_weighted_door,
          bh_walls_and_bars
D:11:     layout_cave_pools, david_orc_2, nicolae_water_bricks, uniq_maurice,
          uniq_erolcha
D:12:     layout_stronghold, hellmonk_ghost_happy_afterlife,
          minmay_misc_feat_columns, uniq_psyche
D:13:     layout_loops_cross, david_vaults_5, serial_aquarium,
          aquarium_bridge_square [aquarium_subvault_bridge,
          aquarium_subvault_wall, aquarium_subvault_bridge,
          aquarium_subvault_bridge], aquarium_bridge_island_small
          [aquarium_subvault_small_open, aquarium_subvault_wall,
          aquarium_subvault_bridge, aquarium_subvault_bridge,
          aquarium_subvault_bridge], aquarium_window_1, aquarium_window_fake,
          aquarium_window_fake, aquarium_window_fake, aquarium_view_2b,
          lemuel_old_faithful
D:14:     layout_roguey, grunt_dithmenos_shadows,
          nicolae_uskayaw_murder_on_the_dancefloor
D:15:     grunt_enter_depths_snipers, layout_cave_pods,
          hangedman_abyss_or_decor_lesser_grid, brannock_xom_greatest_gift
Temple:   nicolae_temple_ecumenical_triangle
Lair:1:   layout_gridlike, grunt_megastairs_5
Lair:2:   layout_regular_city, skrybe_swamp_entry_bodies, minivault_26,
          infiniplex_staircase_pool, grunt_megastairs_4
Lair:3:   layout_gridlike, minmay_snake_entry_spellcaster
Lair:4:   layout_regular_city, nicolae_slime_entry_field_trip
Lair:5:   guppyfry_lair_end_dragon, layout_cave_pods, hangedman_lair_in_review,
          serial_bayou_shore_b
Swamp:1:  layout_basic_swamp, portal_ice_cave_entry_pillars_1,
          infiniplex_staircase_pool_2
Swamp:2:  layout_falls_marsh, evilmike_swamp_ruin_house_4, uniq_frances
Swamp:3:  nicolae_swamp_long_stream, layout_basic_swamp,
          evilmike_swamp_ruin_house_5, swamp_pool4
Swamp:4:  grunt_swamp_rune_castle, layout_basic_swamp
Snake:1:  layout_rooms, serial_bayou_shore_b, minmay_shop_grove, uniq_kirke,
          uniq_roxanne, uniq_aizul
Snake:2:  layout_cave_shapes, gammafunk_ghost_arena
Snake:3:  layout_rooms, serial_shops, shop, shop, nicolae_snake_mages_go_home,
          lemuel_fruit_tree, uniq_agnes
Snake:4:  snake_pit, layout_misc_corridors, nicolae_snake_salamander_fort
Slime:1:  nicolae_slime_jelly_donut, layout_caves,
          nicolae_slime_getting_an_eyeful
Slime:2:  layout_caves
Slime:3:  layout_caves
Slime:4:  layout_caves
Slime:5
Orc:1:    layout_caves
Orc:2:    grunt_orc_community_town_hall, layout_caves,
          grunt_orc_community_big_house_1, grunt_orc_community_big_house_1,
          grunt_orc_community_house_3, grunt_orc_community_house_2,
          grunt_orc_community_house_3, grunt_orc_community_house_3,
          grunt_orc_community_house_1, grunt_orc_community_house_3, basic_altar,
          nicolae_orc_lava_room, uniq_rupert
Elf:1:    elf_arrival_001, layout_geoelf_diagonals, hangedman_elf_represent,
          minmay_misc_feat_rows, minmay_shoptagon
Elf:2:    nicolae_elf_blades_splatter_lattice [mumra_blade_entry_dagger],
          layout_loops_cross, serial_shops, nicolae_shop_trees
Elf:3:    minmay_elf_hall_furrowed, layout_geoelf_diagonals, serial_aquarium,
          aquarium_bridge_straight [aquarium_subvault_bridge,
          aquarium_subvault_wall, aquarium_subvault_bridge,
          aquarium_subvault_wall], aquarium_bridge_long_separate
          [aquarium_subvault_wall, aquarium_subvault_bridge,
          aquarium_subvault_bridge, aquarium_subvault_bridge,
          aquarium_subvault_wall, aquarium_subvault_window], aquarium_window_2,
          aquarium_window_corner, aquarium_window_corridor_3, aquarium_window_2,
          aquarium_view_2c, aquarium_balcony_3b, aquarium_pool_double
Vaults:1: v_misc_5, vaults_dpeg_hooks, nicolae_vaults_angled_halls,
          nicolae_vaults_little_squares_3, v_misc_24, dpeg_vaults_monster_box,
          v_misc_19, nicolae_vaults_storage_room_statues, v_misc_22,
          nicolae_vaults_tetromino_Z_2, nicolae_vaults_double_plus_1, v_misc_29,
          nicolae_vaults_offset_grid_hallway_2,
          nicolae_vaults_closet_pinwheel_4, layout_vaults_maze_bifur,
          uniq_nikola
Vaults:2: hangedman_vaults_hat, nicolae_vaults_house_3, hangedman_vaults_cutoff,
          vaults_dpeg_encased_lava, nicolae_vaults_asterisk,
          nicolae_vaults_stairing_the_circle, nicolae_vaults_house_3, v_misc_16,
          nicolae_vaults_big_ls, nicolae_vaults_trapezoid_1,
          ontoclasm_vaults_misaligned, nicolae_vaults_big_angled_halls,
          v_rooms_3, nicolae_vaults_little_squares_2, layout_vaults_big_cross
Vaults:3: vaults_dpeg_spiral, nicolae_vaults_apartment_2,
          hangedman_vaults_cutoff, nicolae_vaults_rhombus_7,
          blue_anna_dwarven_crypt, nicolae_vaults_trapezoid_3,
          nicolae_vaults_alarming, nicolae_vaults_house_3,
          ontoclasm_vaults_chip, hangedman_vaults_stretched_pinwheel,
          layout_vaults_quadrants
Vaults:4: v_alt_pattern_3, nicolae_vaults_offset_grid_hallway_3, v_rooms_2,
          nicolae_vaults_display_case, v_misc_5, v_rooms_5, v_misc_27,
          nicolae_vaults_storage_closets_2, ontoclasm_vaults_eye,
          layout_vaults_big_room, nicolae_trove_entry_diagonal, serial_shops,
          shop
Crypt:1:  layout_chaotic_city, gammafunk_ghost_arena, basic_altar
Crypt:2:  cheibrodos_crypt_draghalla, layout_gridlike, uniq_zenata
Crypt:3:  lightli_unholy_cathedral, layout_chaotic_city,
          nicolae_tomb_entry_rubble_hallway
Depths:1: kennysheep_windowed_halls, layout_long_grid, minmay_crystal_room,
          serial_shops, shop, nicolae_shop_crystal, shop,
          nicolae_shop_back_alley_shop, nicolae_shop_gaudy_bauble,
          pf_coc_iceberg, evilmike_butchery, serial_bayou_shore_b,
          grunt_megastairs_2, uniq_saint_roka
Depths:2: kennysheep_large_spiral, layout_gridlike, enter_ziggurat_b,
          ploomutoo_gammafunk_ghost_potion_laboratory,
          nicolae_elyvilon_peaceful_grove, rand_demon_pan_entry_4, hell_entry,
          infiniplex_staircase_hallway_doors
Depths:3: minmay_containers, layout_gridville, abyss_entry_glasseish,
          hell_entry, chequers_jeans, special_room [special_room_morgue],
          minmay_misc_feat_tower, uniq_xtahua
Depths:4: evilmike_zot_entry_gauntlet, layout_long_grid,
          gammafunk_ghost_mausoleum, pf_vacation_house_of_asmodeus,
          minmay_room_of_horrors, serial_shops, shop, grunt_gozag_statues,
          trog_three_pillars_becter
Zot:1:    layout_onion_interference, gammafunk_ghost_crypt
Zot:2:    layout_cathedral_of_symmetry
Zot:3:    grunt_deathspiral_small, layout_concentric_octagons

Skill      XL: |  1  2  3  4  5  6  7  8  9 10 11 12 13 14 15 16 17 18 19 20 21 22 23 24 25 26 27 |
---------------+----------------------------------------------------------------------------------+-----
Stealth        | 2 3 4 5 7 |  7.0
Ranged Weapons | 5 6 7 8 10 12 14 16 17 18 19 20 | 20.0
Fighting       | 3 4 5 7 9 11 13 15 16 17 18 19 | 19.9
Armour         | 1 4 5 7 9 11 12 14 16 | 16.0
Dodging        | 3 6 10 12 13 14 16 | 16.0
Invocations    | 2 7 8 11 12 13 14 | 14.0
Evocations     | 3 5 7 9 10 12 | 12.0
Long Blades    | 8 14 | 14.0
Fire Magic     | 5 7 8 9 |  9.0
Transmutations | 5 7 8 9 |  9.0
Poison Magic   | 6 9 12 | 12.0
Spellcasting   | 3 5 7 |  7.0
Shields        | 4 13 14 16 | 16.0
Translocations | 4 7 |  7.0
Hexes          | 4 7 |  7.0

Action                     |  1- 3 |  4- 6 |  7- 9 | 10-12 | 13-15 | 16-18 | 19-21 | 22-24 | 25-27 || total
---------------------------+-------+-------+-------+-------+-------+-------+-------+-------+-------++-------
   Fire: Shortbow          |    69 |    29 |       |       |       |       |       |       |       ||    98
         Longbow           |       |   120 |   161 |   429 |   607 |  1326 |  1345 |   753 |   968 ||  5709
         Sling             |       |       |       |       |       |    13 |       |       |       ||    13
         Hand crossbow     |       |       |       |       |       |       |       |   566 |   772 ||  1338
         Arbalest          |       |       |       |       |       |       |       |       |    68 ||    68
   Cast: Ignite Poison     |       |       |       |       |       |       |       |    12 |     6 ||    18
         Olgreb's Toxic Ra |       |       |       |       |       |       |       |     7 |     4 ||    11
         Portal Projectile |       |       |       |       |       |       |       |       |     2 ||     2
 Invoke: Recall Ancestor   |       |       |       |     1 |     1 |       |       |     2 |    11 ||    15
         Ancestor Identity |       |       |       |     1 |       |       |       |       |       ||     1
         Ancestor Life: Kn |       |       |       |     1 |       |       |       |       |       ||     1
         Idealise          |       |       |       |       |       |     6 |     5 |     3 |    10 ||    24
  Evoke: Lightning rod     |       |       |       |       |       |    13 |       |       |     5 ||    18
         Wand              |       |       |       |       |       |     6 |     3 |     1 |     6 ||    16
         Piece from Xom's  |       |       |       |       |       |       |       |       |     1 ||     1
    Use: Scroll            |       |    14 |     6 |     9 |     6 |     7 |    11 |     7 |    28 ||    88
         Potion            |       |       |       |     1 |     1 |     2 |     6 |     3 |    21 ||    34
 Armour: Leather armour    |     3 |    26 |     7 |    39 |    21 |    43 |    17 |       |       ||   156
         Fire dragon scale |       |       |       |     1 |       |       |       |       |       ||     1
         Swamp dragon scal |       |       |       |       |       |       |    15 |    55 |   241 ||   311
         Acid dragon scale |       |       |       |       |       |       |       |       |    14 ||    14
         Skin              |       |       |       |       |       |       |       |       |     3 ||     3
  Dodge: Dodged            |     9 |    47 |    26 |   177 |   176 |   320 |   284 |   333 |   731 ||  2103
         Repelled          |       |       |       |       |       |     5 |    13 |     5 |     8 ||    31
  Block: Other             |       |       |       |       |       |       |    47 |    42 |       ||    89
         Reflection        |       |       |       |       |       |       |     8 |     8 |    12 ||    28
         Buckler           |       |       |       |       |       |       |       |    65 |   131 ||   196
         Kite shield       |       |       |       |       |       |       |       |       |   263 ||   263
